 Dungeon Crawl Stone Soup version 0.29-a0-819-g94b489e0ae (webtiles) character file.

Game seed: 5310927192555402617

128 LynnLen the Sneak (level 4, -4/24 HPs)
             Began as a Vampire Enchanter on July 6, 2022.
             Slain by Grinder (6 damage)
             ... on level 3 of the Dungeon.
             The game lasted 00:10:07 (4119 turns).

LynnLen the Sneak (Vampire Enchanter)               Turns: 4119, Time: 00:10:07

Health: -4/24      AC:  3    Str:  7    XL:     4   Next: 86%
Magic:  7/7        EV: 12    Int: 17    God:
Gold:   148        SH:  0    Dex: 16    Spells: 2/7 levels left

rFire   . . .      SeeInvis +   a - +1 dagger
rCold   + + .      Faith    .   (no shield)
rNeg    + + +      Spirit   .   k - +0 leather armour
rPois   ∞          Reflect  .   (no helmet)
rElec   .          Harm     .   (no cloak)
rCorr   .          Rampage  .   (no gloves)
Will    .....                   (no boots)
Stlth   +++++.....              (no amulet)
HPRegen 0.00/turn               (no ring)
MPRegen 0.10/turn               (no ring)

@: confusing by touch, bloodless, inhibited regen
A: bloodless, fangs 3, see invisible, vampiric 2
a: Bat Form, Revivify


You were on level 3 of the Dungeon.
You visited 1 branch of the dungeon, and saw 3 of its levels.

You collected 226 gold pieces.
You spent 78 gold pieces at shops.

Inventory:

Hand Weapons
 a - a +1 dagger (weapon)
Armour
 k - a +0 leather armour (worn)
Jewellery
 m - a ring of wizardry
Wands
 e - a wand of flame (10)
Scrolls
 b - a scroll of enchant armour {unknown}
 g - a scroll of summoning {unknown}
 i - 5 scrolls of teleportation
 l - a scroll of immolation {unknown}
 n - a scroll of acquirement {unknown}
Potions
 c - a potion of invisibility
 d - a potion of attraction
 h - a potion of lignification
 j - 2 potions of curing
 o - a potion of heal wounds {unknown}


   Skills:
 + Level 2.1 Short Blades
 + Level 3.0 Dodging
 * Level 6.9 Stealth
 * Level 2.3 Spellcasting
 + Level 4.8 Hexes


You had 2 spell levels left.
You knew the following spells:

 Your Spells              Type           Power      Damage    Failure   Level
a - Confusing Touch       Hex            18%        N/A       12%         3
b - Ensorcelled Hibernat  Hex/Ice        20%        N/A       16%         2

Your spell library contained the following spells:

 Spells                   Type           Power      Damage    Failure   Level
 Apportation              Tloc           4%         N/A       28%         1
 Tukima's Dance           Hex            18%        N/A       12%         3
 Dazzling Flash           Conj/Hex       20%        N/A       30%         3
 Alistair's Intoxication  Tmut/Pois      1%         N/A       100%        5
 Malign Gateway           Summ/Tloc      1%         N/A       100%        7
 Summon Horrible Things   Summ           1%         N/A       100%        8


Dungeon Overview and Level Annotations

Branches:
Dungeon (3/15)

Altars:

Shops:
D:1 ?

Annotations:
D:3 Grinder


Innate Abilities, Weirdness & Mutations

You do not regenerate when monsters are visible.
You are frail without blood (-20% HP).
You can heal yourself when you bite living creatures.
You are immune to poison.
You have razor-sharp teeth.
You have supernaturally acute eyesight. (SInv)
You are afflicted with vampirism and can become a bat while bloodless.


Message History

Grinder gestures at you.
You shrug off the repeated paralysis!
Grinder drinks a potion.
Grinder seems to speed up.
You can move again.
Grinder blinks!
Grinder gestures at you.
You shrug off the repeated paralysis!
Found 2 glowing blue potions.
Grinder barely misses you. Grinder gestures at you.
You suddenly lose the ability to move!
Grinder blinks!
You can move again.
Casting: Confusing Touch (quite dangerous; 12% risk of failure)
Confirm with . or Enter, or press ? or * to list all spells.
You don't know that spell.
Casting: Confusing Touch (quite dangerous; 12% risk of failure)
Confirm with . or Enter, or press ? or * to list all spells.
The spell is quite dangerous to miscast (12% risk of failure)!
Continue anyway?
Uppercase [Y]es or [N]o only, please.
The spell is quite dangerous to miscast (12% risk of failure)!
Continue anyway?
Your hands begin to glow red.
Grinder hits you. Grinder hits you but does no damage.
You hit Grinder but do no damage.
Grinder says, "I used to sell toenails on the black market."
Grinder closely misses you.
You barely miss Grinder.
Grinder says, "DUCK!"
Grinder gestures at you. You resist with significant effort. Grinder hits you.
You closely miss Grinder. You bite Grinder.
Grinder is lightly wounded.
Grinder hits you!
* * * LOW HITPOINT WARNING * * *
You hit Grinder but do no damage.
Grinder is lightly wounded.
Grinder hits you.
* * * LOW HITPOINT WARNING * * *
It was a potion of magic.
Magic courses through your body. Grinder hits you.
You die...

##..#.#.........#
....#.#.......$.#
##.(#.#.........########
##.#.#................#
#...#................#
##........#..........#
#..#.........†......#
##.#..##.....5......#
#†#.........@......#
#####..#.#.............#
.........#.............#
............#..........#
.........##.#..........#
.........## #..........#
.........# #!.........#
.........# #..........#
..........#


You could see Grinder (fast).

Vanquished Creatures
  5 adders
  3 dart slugs
  An orc (D:3)
  9 ball pythons
  4 bats
  5 endoplasms
  6 giant cockroaches
  5 goblins
  6 hobgoblins
  10 jackals
  4 kobolds (D:2)
  4 quokkas
  5 rats
67 creatures vanquished.

Vanquished Creatures (others)
  7 plants (D:1)
  9 withered plants (D:1)
16 creatures vanquished.

Grand Total: 83 creatures vanquished

Notes
Turn   | Place    | Note
-------+----------+-------------------------------------------
     0 | D:1      | LynnLen the Vampire Enchanter began the quest for the Orb.
     0 | D:1      | Reached XP level 1. HP: 13/13 MP: 3/3
    39 | D:1      | Found Cuamic's Magic Scroll Boutique.
    64 | D:1      | Bought a scroll of identify for 26 gold pieces
    64 | D:1      | Bought a scroll of identify for 26 gold pieces
    64 | D:1      | Bought a scroll of identify for 26 gold pieces
   189 | D:1      | Reached XP level 2. HP: 14/15 MP: 5/5
   200 | D:1      | Reached skill level 5 in Stealth
   577 | D:1      | Found a faded altar of an unknown god.
   881 | D:1      | Gained mutation: You are afflicted with vampirism and can
                  | become a bat while bloodless. [Vampire growth]
   881 | D:1      | Reached XP level 3. HP: 4/19 MP: 6/6
  1134 | D:1      | Learned a level 3 spell: Confusing Touch
  1137 | D:1      | Learned a level 2 spell: Ensorcelled Hibernation
  1822 | D:1      | Reached skill level 6 in Stealth
  2893 | D:2      | Reached XP level 4. HP: 24/24 MP: 7/7
  4072 | D:3      | Noticed Grinder
  4084 | D:3      | Paralysed by Grinder for 5 turns
  4104 | D:3      | Paralysed by Grinder for 4 turns
  4110 | D:3      | Paralysed by Grinder for 4 turns
  4119 | D:3      | Slain by Grinder

Illustrated notes

Levels and vault maps discovered:
D:1:      grunt_arrival_crossed_arrows, layout_basic,
          shapermc_ecumenical_altar_flowoftime, serial_shops, shop_coins
D:2:      layout_rooms, serial_aquarium, aquarium_bridge_square
          [aquarium_subvault_wall, aquarium_subvault_bridge,
          aquarium_subvault_bridge, aquarium_subvault_bridge],
          aquarium_window_corridor_3, aquarium_window_fake, aquarium_window_1,
          aquarium_window_fake, aquarium_view_2a, aquarium_view_2b,
          aquarium_balcony_5b, minmay_misc_feat_x
D:3:      layout_basic, nicolae_grassy_gnolls, uniq_grinder

Skill      XL: |  1  2  3  4 |
---------------+-------------+-----
Stealth        | 5 6 |  6.9
Short Blades   | 2 |  2.1
Dodging        | 3 |  3.0
Spellcasting   | |  2.3
Hexes          | |  4.8

Action                   |  1- 3 |  4- 6 || total
-------------------------+-------+-------++-------
Melee: Dagger            |   188 |   108 ||   296
       Bite              |    18 |    13 ||    31
       Punch             |     2 |     1 ||     3
 Cast: Confusing Touch   |     1 |     1 ||     2
 Abil: Exsanguinate      |     1 |       ||     1
  Use: Potion            |     2 |     2 ||     4
       Scroll            |     5 |       ||     5
 Stab: Sleeping          |    15 |     4 ||    19
Armor: Robe              |    27 |       ||    27
       Leather armour    |    10 |    30 ||    40
Dodge: Dodged            |   118 |    98 ||   216

Table legend: (Time is in decaauts)
 A = Elapsed time spent in this place.
 B = Non-inter-level travel time spent in this place.
 C = Inter-level travel time spent in this place.
 D = Time resting spent in this place.
 E = Time spent auto-exploring this place.
 F = Levels seen in this place.
 G = Mean time per level.
                   A        B        C        D        E       F      G
               +--------+--------+--------+--------+--------+-----+--------+
         Total |   4097 |   4097 |      0 |   1021 |   1979 |   3 | 1365.7 |
       Dungeon |   4097 |   4097 |      0 |   1021 |   1979 |   3 | 1365.7 |
               +--------+--------+--------+--------+--------+-----+--------+

Top non-repeatable levels by time:
     D:1: 2059 daAuts
     D:2: 1512 daAuts
     D:3: 525 daAuts
